 Dungeon Crawl Stone Soup version 0.27.0-1-g7a089689b8 (webtiles) character file.

Game seed: 15216176019766192602

1890 ZARRMARR the Chucker (level 8, -5/70 HPs)
             Began as a Purple Draconian Berserker on Aug 1, 2021.
             Was a Priest of Trog.
             Slain by a hornet (11 damage)
             ... on level 8 of the Dungeon on Aug 2, 2021.
             The game lasted 00:46:10 (7169 turns).

ZARRMARR the Chucker (Purple Draconian Berserker)   Turns: 7169, Time: 00:46:12

Health: -5/70      AC:  6    Str: 22    XL:     8   Next: 92%
Magic:  8/8        EV: 10    Int:  7    God:    Trog [***...]
Gold:   307        SH:  7    Dex: 11    Spells: 7/7 levels left

rFire    + . .     SeeInvis .   f - +3 dagger (vamp)
rCold    . . .     Faith    .   x - +0 kite shield
rNeg     . . .     Spirit   .   (armour unavailable)
rPois    .         Reflect  .   (helmet restricted)
rElec    .         Harm     .   (no cloak)
rCorr    .         Rampage  .   (no gloves)
Will     +++..                  (no boots)
Stlth    ++........             (no amulet)
HPRegen  1.21/turn              u - ring of protection from fire
MPRegen  0.11/turn              (no ring)

@: lethally poisoned (-5 -> -7), strong-willed, on berserk cooldown,
regenerating, slowed, very slow
A: breathe power, AC +6, unfitting armour, cold-blooded
a: Breathe Dispelling Energy, Renounce Religion, Berserk, Trog's Hand


You were on level 8 of the Dungeon.
You worshipped Trog.
Trog was most pleased with you.
You visited 1 branch of the dungeon, and saw 8 of its levels.

You collected 307 gold pieces.

Inventory:

Hand Weapons
 b - a +2 hand crossbow of flaming
 f - a +3 vampiric dagger (weapon)
 g - a +2 dagger of venom
 z - the +8 war axe "Zisoraa" {holy, rF++ Will- Dex+4}
   (You found it on level 6 of the Dungeon)

   It has been blessed by the Shining One to cause great damage to the undead
   and demons.
   Dex:       It affects your dexterity (+4).
   rF:        It greatly protects you from fire.
   Will:      It decreases your willpower.
Missiles
 k - 127 stones
 l - 23 poisoned darts
 o - 3 boomerangs (quivered)
 p - 71 bolts
Armour
 x - a +0 kite shield (worn)
Jewellery
 u - a ring of protection from fire (left hand)
Wands
 w - a wand of digging (3)
 y - a wand of flame (21)
Scrolls
 d - a scroll of immolation
 h - a scroll of fear
 i - 5 scrolls of teleportation
 m - a scroll of enchant armour
 n - 3 scrolls of torment
 q - 3 scrolls of blinking
 r - a scroll of noise {unknown}
 v - a scroll of acquirement {unknown}
Potions
 a - a potion of heal wounds
 c - 2 potions of lignification {unknown}
 e - 2 potions of curing {unknown}
 j - a potion of degeneration {unknown}
 s - 2 potions of brilliance {unknown}
 t - a potion of ambrosia {unknown}


   Skills:
 + Level 5.8 Fighting
 + Level 5.8 Short Blades
 + Level 6.9 Throwing
 + Level 5.3 Dodging
 + Level 1.7 Stealth


You had 7 spell levels left.
You didn't know any spells.
Your spell library contained the following spells:

 Spells                   Type           Power      Damage    Failure   Level
 Slow                     Hex            0%         N/A       99%         2
 Confusing Touch          Hex            0%         N/A       100%        3
 Vampiric Draining        Necr           0%         2d6       100%        3


Dungeon Overview and Level Annotations

Branches:
Dungeon (8/15)             Temple (0/1) D:7
   Lair: D:8-11

Altars:
Ashenzari
Dithmenos
Nemelex Xobeh
Okawaru
Uskayaw
Xom
The Shining One

Shops:
D:5 =

Annotations:
D:6 2 runed translucent doors, Dazliare's ghost, weakling GnDe


Innate Abilities, Weirdness & Mutations

You can breathe bolts of dispelling energy.
Your rich purple scales are hard. (AC +6)
You cannot fit into any form of body armour.
You are cold-blooded and may be slowed by cold attacks.


Message History

You feel very sick.
There is a stone staircase leading down here.
You can't go up here!
You feel your anger nearly subside.
You feel yourself speed up.
You are no longer berserk.
You are exhausted.
You feel yourself slow down.
You feel sick. The hornet stings you!
You are more poisoned.
You feel as though you will be slow longer.
The gnoll hits you from afar with a +0 halberd!
* * * LOW HITPOINT WARNING * * *
The hornet stings you.
* * * LOW HITPOINT WARNING * * *
You feel as though you will be slow longer.
You climb downwards.
* * * LOW HITPOINT WARNING * * *
You feel very sick.
There is a stone staircase leading up here.
It was a potion of heal wounds.
You feel much better.
You feel very sick. The hornet stings you!
* * * LOW HITPOINT WARNING * * *
You are lethally poisoned!
You feel as though you will be slow longer.
The hornet misses you.
Your skin crawls.
You feel strong-willed.
* * * LOW HITPOINT WARNING * * *
You feel extremely sick. The hornet stings you.
* * * LOW HITPOINT WARNING * * *
You feel as though you will be slow longer.
The hornet barely misses you.
You feel much better.
You feel very sick. The hornet stings you!
* * * LOW HITPOINT WARNING * * *
You feel as though you will be slow longer.
The hornet stings you!
You die...

############
#...@.......
#....y......
#...........
#...........
#...........
#...........
#######.....
.....


You could see a hornet.

Vanquished Creatures
  Eustachio (D:5)
  An ice beast (D:7)
  A sky beast (D:6)
  A necrophage (D:6)
  2 ogres
  A bullfrog (D:6)
  A gnoll sergeant (D:6)
  3 scorpions
  A wyvern skeleton (D:5)
  2 howler monkeys
  2 centaur zombies (D:6)
  A jelly (D:5)
  2 hounds
  3 orc priests
  2 iguanas
  3 orc wizards (D:6)
  A hound skeleton (D:4)
  A howler monkey skeleton (D:7)
  8 adders
  6 gnolls
  2 ufetubi
  2 adder skeletons (D:4)
  A worm (D:3)
  2 dart slugs (D:1)
  13 orcs
  3 endoplasms
  3 giant cockroaches
  10 goblins
  5 hobgoblins
  5 jackals
  10 ball pythons
  5 frilled lizards
  7 kobolds
  A quokka skeleton (D:4)
  4 rats
116 creatures vanquished.

Notes
Turn   | Place    | Note
-------+----------+-------------------------------------------
     0 | D:1      | ZARRMARR the Draconian Berserker began the quest for the
                  | Orb.
     0 | D:1      | Reached XP level 1. HP: 19/19 MP: 1/1
   260 | D:1      | Reached XP level 2. HP: 26/26 MP: 2/2
   950 | D:2      | Reached ** piety under Trog
   954 | D:2      | Reached XP level 3. HP: 30/31 MP: 3/3
  1148 | D:2      | Reached skill level 1 in Throwing
  1424 | D:2      | Found a faded altar of an unknown god.
  1646 | D:3      | Reached XP level 4. HP: 40/40 MP: 4/4
  1977 | D:3      | Found a hide-covered altar of Uskayaw.
  2127 | D:3      | Reached skill level 2 in Throwing
  2669 | D:4      | Reached XP level 5. HP: 42/46 MP: 5/5
  3182 | D:4      | Reached skill level 3 in Throwing
  3344 | D:4      | Reached *** piety under Trog
  3366 | D:4      | Identified the +7 chain mail "Heant" {+Blink rElec rCorr
                  | MP+9}
  3370 | D:4      | Noticed an ogre
  3380 | D:4      | Reached XP level 6. HP: 52/52 MP: 6/6
  3384 | D:4      | Reached skill level 1 in Stealth
  3728 | D:5      | Entered Level 5 of the Dungeon
  3734 | D:5      | Found Neshruwo's Jewellery Boutique.
  3798 | D:5      | Reached skill level 4 in Throwing
  3954 | D:5      | Found a glowing golden altar of the Shining One.
  3956 | D:5      | Found a shimmering altar of Xom.
  3961 | D:5      | Your scales start taking on a rich purple colour.
  3961 | D:5      | Reached XP level 7. HP: 60/60 MP: 7/7
  3972 | D:5      | Noticed Eustachio
  3988 | D:5      | Killed Eustachio
  4088 | D:5      | Reached skill level 5 in Short Blades
  4629 | D:5      | Reached skill level 5 in Throwing
  5337 | D:6      | Reached XP level 8. HP: 67/67 MP: 8/8
  5339 | D:6      | Reached skill level 5 in Fighting
  5411 | D:6      | Reached skill level 6 in Throwing
  5535 | D:6      | Reached skill level 5 in Dodging
  5642 | D:6      | Found a runed translucent door.
  5647 | D:6      | Noticed Dazliare's ghost (weakling GnDe)
  5663 | D:6      | Found a sparkling altar of Nemelex Xobeh.
  6026 | D:6      | Found a runed translucent door.
  6187 | D:6      | Identified the +1 plate armour "Syral" {Int+3}
  6378 | D:6      | Found an iron altar of Okawaru.
  6694 | D:6      | Identified the +8 war axe "Zisoraa" {holy, rF++ Will-
                  | Dex+4}
  7091 | D:7      | Found a shadowy altar of Dithmenos.
  7118 | D:7      | Found a broken altar of Ashenzari.
  7138 | D:7      | Found a staircase to the Ecumenical Temple.
  7152 | D:7      | Noticed a hornet
  7169 | D:8      | Slain by a hornet

Illustrated notes

Levels and vault maps discovered:
D:1:      saegor_arrival_simple_b, layout_basic
D:2:      layout_loops_ring, hellmonk_ecumenical_altar_pennies_from_heaven
D:3:      layout_basic, lemuel_tele_altar, corexii_corridor_pit,
          grunt_decor_one_mirror, eino_tiny_chamber
D:4:      minmay_thinvault, layout_basic
D:5:      layout_rooms, mainiacjoe_overflow_catch_the_wave, serial_shops,
          nicolae_shop_statue_plus, uniq_eustachio
D:6:      layout_basic, lemuel_doored_altar, nemelex_altar_shiori,
          ebering_ghost_sewer_f
D:7:      layout_loops_ring, mainiacjoe_overflow_six_doors_small,
          grunt_dithmenos_smoke_and_mirrors, trog_ov_bears_minmay,
          minmay_temple_entry_glassed_door, minmay_fountain_box,
          minmay_misc_feat_doors, small_statue_intersection
D:8:      layout_gridville, nicolae_overflow_hidden_temple, slow_altar_2,
          serial_bayou, serial_bayou_lagoon_b, serial_bayou_pond_e,
          serial_bayou_crossing, serial_bayou_pond_e, minivault_27,
          kennysheep_nondescript

Skill      XL: |  1  2  3  4  5  6  7  8 |
---------------+-------------------------+-----
Dodging        | 3 4 5 |  5.3
Throwing       | 1 2 3 4 5 6 |  6.9
Fighting       | 4 5 |  5.8
Short Blades   | 4 5 |  5.8
Stealth        | 1 |  1.7

Action                   |  1- 3 |  4- 6 |  7- 9 || total
-------------------------+-------+-------+-------++-------
Melee: Dagger            |    56 |   119 |   163 ||   338
       Short sword       |     2 |       |       ||     2
       Tailslap          |     9 |     7 |    32 ||    48
Throw: Dart              |    50 |    34 |       ||    84
       Stone             |       |     7 |       ||     7
       Boomerang         |       |    31 |    72 ||   103
Invok: Berserk           |     5 |     4 |    11 ||    20
       Trog's Hand       |       |       |     1 ||     1
 Abil: Breathe Dispellin |       |       |     8 ||     8
Evoke: Wand              |       |       |     3 ||     3
  Use: Scroll            |     6 |     3 |     2 ||    11
       Potion            |       |       |     2 ||     2
Armor: Skin              |    12 |    17 |    45 ||    74
Dodge: Dodged            |    21 |    46 |    97 ||   164
Block: Kite shield       |       |       |     5 ||     5
